 Dungeon Crawl Stone Soup version 0.27.0-1-g7a089689b8 (webtiles) character file.

Game seed: 2664453049750239489

49 infcreate the Shield-Bearer (level 3, 0/24 HPs)
             Began as a Gargoyle Fighter on Aug 6, 2021.
             Slain by Robin (6 damage)
             ... on level 3 of the Dungeon.
             The game lasted 00:03:55 (2125 turns).

infcreate the Shield-Bearer (Gargoyle Fighter)      Turns: 2125, Time: 00:03:56

Health: 0/24       AC: 10    Str: 20    XL:     3   Next: 77%
Magic:  3/3        EV:  7    Int:  8    God:
Gold:   68         SH:  9    Dex:  9    Spells: 2/2 levels left

rFire    . . .     SeeInvis .   a - +0 flail
rCold    . . .     Faith    .   c - +0 kite shield
rNeg     + . .     Spirit   .   b - +0 scale mail
rPois    ∞         Reflect  .   (no helmet)
rElec    +         Harm     .   (no cloak)
rCorr    .         Rampage  .   (no gloves)
Will     .....                  (no boots)
Stlth    ..........             (no amulet)
HPRegen  0.08/turn              (no ring)
MPRegen  0.08/turn              (no ring)

@: no status effects
A: sickness immunity, AC +3, negative energy resistance 1, electricity
resistance, torment resistance 1, petrification resistance
a: no special abilities


You were on level 3 of the Dungeon.
You visited 1 branch of the dungeon, and saw 3 of its levels.

You collected 68 gold pieces.


Innate Abilities, Weirdness & Mutations

You are immune to sickness and miasma.
Your stone body is resilient. (AC +3)
You are immune to poison.
You resist negative energy. (rN+)
You are resistant to electric shocks. (rElec)
You are resistant to unholy torment.
You are immune to petrification.


   Skills:
 + Level 3.8 Fighting
 + Level 2.5 Maces & Flails
 + Level 3.7 Armour
 + Level 3.8 Shields


You had 2 spell levels left.
You didn't know any spells.
Your spell library was empty.

Inventory:

Hand Weapons
 a - a +0 flail (weapon)
Armour
 b - a +0 scale mail (worn)
 c - a +0 kite shield (worn)
Scrolls
 e - a scroll of fog {unknown}
 g - a scroll of immolation {unknown}
 h - 2 scrolls of identify {unknown}
Potions
 d - 2 potions of might
 f - 2 potions of curing {unknown}

Dungeon Overview and Level Annotations

Branches:
Dungeon (3/15)

Altars:
Qazlal

Annotations:
D:2 Sigmund
D:3 1 transporter, Robin

####.#####
#....# #
#.#### #
######.# #
#......# #
#.###### #.#
######.#
#.)@g..#
#g######
#.#.##
#..#g##
#.###.##
##.#..g#
#..##g##
##.##...#####
#.....©.g...#


You could see Robin and a goblin (strong).


Message History

You barely miss the goblin. Robin barely misses you.
The goblin hits you with a +0 club.
* * * LOW HITPOINT WARNING * * *
You hit the goblin.
The goblin is heavily wounded.
You block the goblin's attack. x2
You barely miss the goblin.
The goblin is heavily wounded.
Robin hits you but does no damage. The goblin hits you but does no damage.
You barely miss the goblin.
The goblin is heavily wounded.
The goblin no longer looks unusually strong.
Robin barely misses you. You block the goblin's attack.
The goblin hits you but does no damage.
You hit the goblin.
You kill the goblin!
Robin throws the goblin at you! The goblin closely misses you.
You miss the goblin. You block Robin's attack.
The goblin hits you but does no damage.
Robin hits you from afar with a +0 spear.
* * * LOW HITPOINT WARNING * * *
You barely miss the goblin. You block the goblin's attack.
You block Robin's attack. You block the goblin's attack.
You closely miss the goblin. Robin hits you but does no damage.
You block the goblin's attack.
Robin hits you from afar with a +0 spear.
* * * LOW HITPOINT WARNING * * *
You closely miss the goblin. You block the goblin's attack.
Robin hits you from afar with a +0 spear.
You die...

Action                   || total
-------------------------++-------
Melee: Flail             ||   136
Armor: Scale mail        ||    79
Dodge: Dodged            ||    74
Block: Kite shield       ||   105

Levels and vault maps discovered:
D:1:      nicolae_arrival_memento_mori, layout_basic,
          chequers_ecumenical_altar_grove
D:2:      layout_loops_cross, basic_altar, uniq_sigmund
D:3:      gammafunk_wand_slinger, layout_loops_ring, minmay_misc_feat_room,
          uniq_robin

Notes
Turn   | Place    | Note
-------+----------+-------------------------------------------
     0 | D:1      | infcreate the Gargoyle Fighter began the quest for the Orb.
     0 | D:1      | Reached XP level 1. HP: 14/14 MP: 1/1
   346 | D:1      | Reached XP level 2. HP: 19/19 MP: 2/2
   676 | D:1      | Found a faded altar of an unknown god.
   924 | D:1      | Reached XP level 3. HP: 11/23 MP: 3/3
  1544 | D:2      | Found a stormy altar of Qazlal.
  1546 | D:2      | Noticed Sigmund
  2074 | D:3      | Found a transporter.
  2091 | D:3      | Noticed Robin
  2125 | D:3      | Slain by Robin

Vanquished Creatures
  2 adders
  4 ball pythons (D:1)
  An endoplasm (D:2)
  7 goblins
  A hobgoblin (D:1)
  A quokka (D:2)
  8 bats
  4 frilled lizards
  5 rats
33 creatures vanquished.

Table legend: (Time is in decaauts)
 A = Elapsed time spent in this place.
 B = Non-inter-level travel time spent in this place.
 C = Inter-level travel time spent in this place.
 D = Time resting spent in this place.
 E = Time spent auto-exploring this place.
 F = Levels seen in this place.
 G = Mean time per level.
                   A        B        C        D        E       F      G
               +--------+--------+--------+--------+--------+-----+--------+
         Total |   2197 |   1944 |    253 |    460 |   1046 |   3 |  732.3 |
       Dungeon |   2197 |   1944 |    253 |    460 |   1046 |   3 |  732.3 |
               +--------+--------+--------+--------+--------+-----+--------+

Top non-repeatable levels by time:
     D:1: 1175 daAuts
     D:2: 900 daAuts
     D:3: 121 daAuts

Table legend:
 A = Non-vault XP
 B = Vault XP
 C = Vault XP percentage of total XP
 D = Non-vault monster count
 E = Vault monster count
 F = Vault count percentage of total count
                 A         B        C        D         E       F
            +---------+---------+-------+---------+---------+-------
      Total |      65 |       6 |   8.5 |      30 |       3 |   9.1
            +---------+---------+-------+---------+---------+-------
        D:1 |      35 |       0 |   0.0 |      16 |       0 |   0.0
        D:2 |      29 |       0 |   0.0 |      13 |       0 |   0.0
        D:3 |       1 |       6 |  85.7 |       1 |       3 |  75.0
            +---------+---------+-------+---------+---------+-------
